 Dungeon Crawl Stone Soup version 0.14-a0-2986-gd1872aa (webtiles) character file.

1778 Quh the Fighter (level 9, -11/82 HPs)
             Began as a Hill Orc Fighter on Mar 6, 2014.
             Was an Initiate of Makhleb.
             Mangled by ghwc's ghost (23 damage)
             ... on Level 7 of the Dungeon.
             The game lasted 00:36:59 (8296 turns).

Quh the Fighter (Hill Orc Fighter)                  Turns: 8296, Time: 00:37:01

HP -11/82        AC 12     Str 20      XL: 9   Next:  1%
MP  13/13        EV  6     Int 10      God: Makhleb [......]
Gold 103         SH  0     Dex 10      Spells:  0 memorised,  8 levels left

rFire  . . .     SeeInvis .     a - +0 falchion
rCold  . . .     Clarity  .     I - +1 scale mail
rNeg   . . .     Conserve .     c - +0 orc shield
rPois  .         rCorr    .     v - +0 helmet
rElec  .         rRot     .     w - +0 cloak
SustAb . .       Spirit   .     q - +0 pair of gloves
rMut   .         Warding  .     (no boots)
Saprov + . .     Stasis   .     (no amulet)
MR     .....                    (no ring)
                                (no ring)

@: confused, not resistant to hostile enchantments, extremely unstealthy
A: saprovore 1
a: Renounce Religion


You were on level 7 of the Dungeon.
You worshipped Makhleb.
Makhleb was noncommittal.
You were hungry.

You visited 2 branches of the dungeon, and saw 8 of its levels.

You collected 295 gold pieces.
You spent 192 gold pieces at shops.

Inventory:

Hand weapons
 a - a +0,+0 falchion (weapon)
 b - a +0,+0 bow
 t - a +1,+0 dagger of speed
 K - a +0,+0 falchion
 L - a +0,+0 crossbow
 S - a +2,+3 quarterstaff of chaos
Missiles
 f - 71 arrows
 n - 8 darts (quivered)
 G - 11 darts of frost
 N - 4 tomahawks
 O - 11 bolts of flame
Armour
 c - a +0 orcish shield (worn)
 q - a +0 pair of gloves (worn)
 v - a +0 helmet (worn)
 w - a +0 cloak (worn)
 I - a +1 scale mail (worn)
 T - a +1 cloak
Magical devices
 h - a wand of cold (4)
 B - a wand of polymorph (9)
 P - a wand of fire (9) {unknown}
 R - a wand of slowing (15) {unknown}
Comestibles
 d - 2 meat rations
 u - a choko
 z - 13 grapes
 C - 2 bread rations
 D - an orange
Scrolls
 g - 6 scrolls of remove curse
 k - a scroll of noise {unknown}
 l - a scroll of enchant weapon I
 m - a scroll of immolation {unknown}
 s - 2 scrolls of teleportation
 y - 3 scrolls of fear
 A - a scroll of blinking
 E - a scroll of random uselessness {unknown}
 F - 2 scrolls of fog {unknown}
 H - a scroll of recharging {unknown}
 M - 4 scrolls of enchant armour
Jewellery
 Q - an uncursed ring of see invisible {unknown}
Potions
 e - 4 potions of curing
 i - 3 potions of flight
 j - 2 potions of porridge
 o - 4 potions of restore abilities
 p - a potion of might
 x - a potion of speed
 J - 2 potions of paralysis


   Skills:
 * Level 8.5 Fighting
 * Level 7.2 Long Blades
 + Level 2.2 Bows
 + Level 6.2 Armour
 - Level 0.5 Dodging
 - Level 3.5 Shields
 - Level 2.8 Evocations


You had 8 spell levels left.
You didn't know any spells.

Dungeon Overview and Level Annotations

Branches:
Dungeon (7/16)             Temple (1/1) D:6

Altars:
Ashenzari
Cheibriados
Dithmenos
Fedhas
Kikubaaqudgha
Makhleb
Nemelex Xobeh
Trog
Vehumet
Xom
Yredelemnul
Zin
The Shining One

Shops:
D:6 *?(

Annotations:
D:7 ghwc's ghost, experienced HuWz


Innate Abilities, Weirdness & Mutations

You can tolerate rotten meat.


Message History

Ghwc's ghost hits you but does no damage.
You are electrocuted!
* * * LOW HITPOINT WARNING * * *
Ouch! You are engulfed in noxious fumes.
You choke on the stench!
You are more confused.
Ghwc's ghost hits you but does no damage.
Drink which item? (? for menu, Esc to quit)
You feel better.
You are engulfed in noxious fumes.
Ghwc's ghost keens inconsolably.
Ghwc's ghost gestures at you while chanting.
The magic dart hits you!
* * * LOW HITPOINT WARNING * * *
You miss ghwc's ghost.
Ghwc's ghost is heavily damaged.
You are engulfed in noxious fumes.
You choke on the stench!
You are confused.
* * * LOW HITPOINT WARNING * * *
Ghwc's ghost hits you but does no damage.
You are electrocuted!
You die...

#..## ###....
#.#...# ....?.
#.#... #.##.#
#.##.#
#.##.#########..
#....p@ยง........
#.##.###........
##....# .#####.
#...#.# ..
###...#.# ###
#.......#
#.......#####
#............
###...######.


You could see ghwc's ghost.

Vanquished Creatures
  Pikel (D:6)
  Edmund (D:4)
  An ogre (D:6)
  An ice beast (D:5)
  A centaur (D:5)
  A phantom (D:5)
  A giant frog (D:6)
  3 crimson imps
  Crazy Yiuf (D:6)
  2 orc wizards
  3 iguanas
  A scorpion (D:3)
  6 worker ants
  Ijyb (D:2)
  A hound skeleton (D:4)
  3 gnolls (D:4)
  An inept item mimic (D:7)
  An inept feature mimic (D:3)
  4 adders
  A giant mite (D:3)
  3 worms
  An adder skeleton (D:4)
  8 giant geckos
  An ooze (D:2)
  13 orcs
  3 ball pythons (D:4)
  6 giant cockroaches
  14 goblins
  10 hobgoblins
  12 kobolds
  10 bats
  3 giant newts
  A giant spore (D:6)
  11 jackals
  2 orc skeletons
  4 quokkas
  7 rats
  A rat zombie (D:5)
145 creatures vanquished.

Vanquished Creatures (others)
  2 adders (D:6)
  An orc skeleton (D:6)
3 creatures vanquished.

Grand Total: 148 creatures vanquished

Notes
Turn   | Place    | Note
--------------------------------------------------------------
     0 | D:1      | Quh, the Hill Orc Fighter, began the quest for the Orb.
     0 | D:1      | Reached XP level 1. HP: 19/19 MP: 1/1
   213 | D:1      | Reached XP level 2. HP: 21/27 MP: 2/2
  1136 | D:2      | Found a shimmering altar of Xom.
  1138 | D:2      | Found a shimmering altar of Xom.
  1138 | D:2      | Found a shimmering altar of Xom.
  1144 | D:2      | Found a shimmering altar of Xom.
  1153 | D:2      | Found a shimmering altar of Xom.
  1215 | D:2      | Reached XP level 3. HP: 33/33 MP: 3/3
  1367 | D:2      | Reached skill level 4 in Armour
  1393 | D:2      | Noticed Ijyb
  1418 | D:2      | Killed Ijyb
  1418 | D:2      | Reached XP level 4. HP: 10/40 MP: 4/4
  1810 | D:2      | Found a bloodstained altar of Trog.
  2495 | D:3      | Reached XP level 5. HP: 45/47 MP: 5/5
  2534 | D:3      | Reached skill level 1 in Evocations
  2888 | D:3      | Reached skill level 5 in Fighting
  3664 | D:4      | Reached XP level 6. HP: 30/56 MP: 7/7
  4455 | D:4      | Noticed Edmund
  4492 | D:4      | Killed Edmund
  4492 | D:4      | Reached skill level 6 in Fighting
  4492 | D:4      | Reached XP level 7. HP: 12/63 MP: 7/9
  5176 | D:5      | Entered Level 5 of the Dungeon
  5411 | D:5      | Reached skill level 5 in Long Blades
  5411 | D:5      | Reached skill level 5 in Armour
  5433 | D:5      | Found a shattered altar of Ashenzari.
  6189 | D:6      | Found Wuutanopt's General Store.
  6203 | D:6      | Bought a potion of curing for 24 gold pieces
  6269 | D:6      | Reached XP level 8. HP: 71/71 MP: 11/11
  6347 | D:6      | Found Caiveatt's Antique Weapon Shop.
  6358 | D:6      | Reached skill level 7 in Fighting
  6640 | D:6      | Noticed Crazy Yiuf
  6653 | D:6      | Killed Crazy Yiuf
  6817 | D:6      | Noticed Pikel
  6845 | D:6      | Killed Pikel
  6845 | D:6      | Reached skill level 8 in Fighting
  6845 | D:6      | Reached skill level 1 in Bows
  6983 | D:6      | Found a staircase to the Ecumenical Temple.
  7000 | Temple   | Entered the Ecumenical Temple
  7300 | Temple   | Became a worshipper of Makhleb the Destroyer
  7612 | D:6      | Found Psidghar's Magic Scroll Shoppe.
  7624 | D:6      | Bought a scroll of enchant weapon I for 42 gold pieces
  7625 | D:6      | Bought a scroll of teleportation for 36 gold pieces
  7625 | D:6      | Bought a scroll of enchant armour for 90 gold pieces
  7818 | D:6      | Found an ancient bone altar of Kikubaaqudgha.
  7824 | D:6      | Found a shadowy altar of Dithmenos.
  8253 | D:7      | Reached XP level 9. HP: 80/82 MP: 13/13
  8265 | D:7      | Noticed ghwc's ghost (experienced HuWz)
  8296 | D:7      | Mangled by ghwc's ghost

Action                   |  1- 3 |  4- 6 |  7- 9 || total
-------------------------+-------+-------+-------++-------
Melee: Falchion          |   182 |   381 |   427 ||   990
 Fire: Bow               |       |       |    14 ||    14
Throw: Dart              |       |     9 |     2 ||    11
Evoke: Wand              |       |     2 |     3 ||     5
  Use: Scroll            |       |     5 |     5 ||    10
       Potion            |       |       |     3 ||     3
